 Dungeon Crawl Stone Soup version 0.20.1-1-g8b1a95d (webtiles) character file.

209 Irenicus the Stinger (level 5, -1/42 HPs)
             Began as a Naga Venom Mage on Nov 16, 2017.
             Slain by a big kobold
             ... wielding a +2 dagger of speed
              (7 damage)
             ... on level 3 of the Dungeon.
             The game lasted 00:14:16 (1559 turns).

Irenicus the Stinger (Naga Venom Mage)              Turns: 1559, Time: 00:14:17

Health: -1/42      AC:  2    Str: 10    XL:     5   Next: 87%
Magic:  2/10       EV: 10    Int: 16    God:
Gold:   113        SH:  0    Dex: 12    Spells: 4/11 levels left

rFire    . . .     SeeInvis +   y - +2 dagger (venom)
rCold    . . .     Gourm    .   (no shield)
rNeg     . . .     Faith    .   e - +0 robe
rPois    +         Spirit   .   (no helmet)
rElec    .         Reflect  .   (no cloak)
rCorr    .         Harm     .   (no gloves)
MR       +....                  (no barding)
Stlth    ++........             (no amulet)
Regen    0.2/turn               s - ring of protection from magic
MPRegen  0.2/turn               (no ring)

@: lethally poisoned (-1 -> -6), very slow
A: see invisible, deformed body, poison resistance, slowness 2, slow metabolism
1, spit poison 1, AC +1
a: Spit Poison


You were on level 3 of the Dungeon.
You were not hungry.

You visited 1 branch of the dungeon, and saw 4 of its levels.

You collected 113 gold pieces.

Inventory:

Hand Weapons
 v - a +1 hand axe of chopping
 y - a +2 dagger of venom (weapon)
Missiles
 h - 3 javelins (quivered)
Armour
 a - a +0 robe
 e - a +0 robe (worn)
 l - a cursed +0 shield
 r - a +0 helmet
Jewellery
 s - a ring of protection from magic (left hand)
Scrolls
 f - a scroll of remove curse
 j - a scroll of enchant weapon {unknown}
 k - a scroll of enchant armour {unknown}
 m - 4 scrolls of identify {unknown}
 n - 2 scrolls of amnesia {unknown}
 u - a scroll of noise {unknown}
 w - 2 scrolls of magic mapping {unknown}
 x - a scroll of teleportation
Potions
 g - a potion of curing
 i - a potion of mutation {unknown}
 o - 2 potions of resistance {unknown}
 p - a potion of brilliance {unknown}
 q - a potion of haste {unknown}
 t - a potion of cancellation {unknown}
Books
 b - a Young Poisoner's Handbook

   Spells                             Type                      Level
   a - Sting                          Conjuration/Poison           1
   b - Poisonous Vapours              Poison/Air                   2
   c - Mephitic Cloud                 Conjuration/Poison/Air       3
   d - Olgreb's Toxic Radiance        Poison                       4
   e - Venom Bolt                     Conjuration/Poison           5
 z - a book of Minor Magic

   Spells                             Type                      Level
   a - Magic Dart                     Conjuration                  1
   b - Blink                          Translocation                2
   c - Call Imp                       Summoning                    2
   d - Slow                           Hexes                        2
   e - Conjure Flame                  Conjuration/Fire             3
   f - Mephitic Cloud                 Conjuration/Poison/Air       3
Comestibles
 c - a bread ration
 d - a meat ration


   Skills:
 - Level 1.5 Dodging
 - Level 3.0 Stealth
 + Level 3.6 Spellcasting
 - Level 1.0 Conjurations
 - Level 7.0 Poison Magic


You had 4 spell levels left.
You knew the following spells:

 Your Spells              Type           Power        Failure   Level  Hunger
a - Sting                 Conj/Pois      ###.         3%          1    None
b - Olgreb's Toxic Radia  Pois           ####....     10%         4    ####...
c - Blink                 Tloc           N/A          26%         2    ##.....


Dungeon Overview and Level Annotations

Branches:
Dungeon (4/15)
 Temple: D:4-7

Altars:
Qazlal
Trog
Xom
Zin


Innate Abilities, Weirdness & Mutations

You cannot wear boots.
Your serpentine skin is tough. (AC +1)
You have supernaturally acute eyesight. (SInv)
Armour fits poorly on your strangely shaped body.
Your system is resistant to poisons. (rPois)
You cover ground very slowly.
You have a slow metabolism.
You can spit poison.


Message History

* * * LOW HITPOINT WARNING * * *
It was a potion of curing.
You feel better.
The crimson imp hits you but does no damage.
You hit the crimson imp.
The crimson imp is lightly wounded.
The crimson imp summons a swarm of flies.
The crimson imp blinks!
The crimson imp blinks!
You have got your breath back.
There is a stone staircase leading up, spattered with blood here.
You climb upwards.
The adder bites you.
* * * LOW HITPOINT WARNING * * *
The big kobold hits you with a dagger of speed.
* * * LOW HITPOINT WARNING * * *
The adder bites you.
* * * LOW HITPOINT WARNING * * *
You are poisoned.
The adder poisons you!
The big kobold hits you with a dagger of speed!
You die...

._ .. . #. .. . #.
... ..####.####....
.................#
......SK.........#
......)@.........#
........)........ #
.##
#..###.#####.......
# .. #.# # #.....
### #.##.# #.##.#
#####.. ..#.#
###.##.# ##.....#
#.#.#
#.##...##.###.....).
#...#
#.##.#..........>###
#..#
#.#..#.........###


You could see a big kobold and an adder.

Vanquished Creatures
  A big kobold (D:3)
  An orc wizard (D:3)
  3 adders
  An ooze (D:1)
  An adder skeleton (D:4)
  2 worms
  2 dart slugs (D:1)
  2 leopard geckos
  5 orcs (D:3)
  2 giant cockroaches
  5 goblins
  8 hobgoblins
  3 quokkas
  A ball python (D:1)
  7 bats
  A frilled lizard (D:3)
  12 kobolds
  7 rats
64 creatures vanquished.

Notes
Turn   | Place    | Note
-------+----------+-------------------------------------------
     0 | D:1      | Irenicus the Naga Venom Mage began the quest for the Orb.
     0 | D:1      | Reached XP level 1. HP: 15/15 MP: 3/3
    81 | D:1      | Reached XP level 2. HP: 17/22 MP: 0/5
   152 | D:1      | Reached skill level 5 in Poison Magic
   228 | D:1      | Reached XP level 3. HP: 14/28 MP: 0/6
   412 | D:2      | Found a shimmering altar of Xom.
   516 | D:2      | Found a bloodstained altar of Trog.
   600 | D:2      | Found a stormy altar of Qazlal.
   847 | D:2      | Reached skill level 6 in Poison Magic
   892 | D:3      | Reached XP level 4. HP: 36/36 MP: 1/7
  1103 | D:3      | Reached skill level 7 in Poison Magic
  1176 | D:3      | Noticed a big kobold
  1177 | D:3      | Noticed a big kobold
  1249 | D:3      | Reached XP level 5. HP: 18/42 MP: 8/8
  1292 | D:3      | Killed a big kobold
  1303 | D:3      | Learned a level 4 spell: Olgreb's Toxic Radiance
  1409 | D:3      | Learned a level 2 spell: Blink
  1506 | D:3      | Found a glowing silver altar of Zin.
  1524 | D:4      | Noticed an ogre
  1551 | D:4      | HP: 2/42 [crimson imp (3)]
  1559 | D:3      | Slain by a big kobold

Skill      XL: |  1  2  3  4  5 |
---------------+----------------+-----
Poison Magic   | 5 6 7 |  7.0
Spellcasting   | 3 |  3.6
Dodging        | |  1.5
Stealth        | |  3.0
Conjurations   | |  1.0

Action                   |  1- 3 |  4- 6 || total
-------------------------+-------+-------++-------
Melee: Unarmed           |     5 |     6 ||    11
       Hand axe          |       |     8 ||     8
       Dagger            |       |    18 ||    18
Throw: Javelin           |     6 |     4 ||    10
 Cast: Sting             |    43 |    63 ||   106
 Abil: Spit Poison       |    25 |    33 ||    58
  Use: Scroll            |     1 |     2 ||     3
       Potion            |       |     1 ||     1
  Eat: Royal jelly       |     3 |     2 ||     5
Armor: Robe              |     5 |    20 ||    25
Dodge: Dodged            |    16 |    49 ||    65
